 Dungeon Crawl Stone Soup version 0.30.1-4-g462c640d31 (webtiles) character file.

Game seed: 10803191502138107975

2242 booth the Cleaver (level 9, -1/78 HPs)
             Began as a Hill Orc Fighter on Sept 2, 2023.
             Was a Believer of Beogh.
             Killed from afar by an electric eel (6 damage)
             ... with a bolt of electricity
             ... on level 7 of the Dungeon.
             The game lasted 00:41:54 (5888 turns).

booth the Cleaver (Hill Orc Fighter)                Turns: 5888, Time: 00:41:54

Health: -1/78      AC:  9    Str: 21    XL:     9   Next: 37%
Magic:  9/9        EV:  9    Int: 10    God:    Beogh [**....]
Gold:   166        SH:  5    Dex: 10    Spells: 8/8 levels left

rFire   . . .        A - +3 war axe
rCold   + . .        c - +0 buckler
rNeg    . . .        b - +0 scale mail
rPois   +            n - +2 hat
rElec   .            (no cloak)
rCorr   .            (no gloves)
SInv    .            (no boots)
Will    .....        l - amulet of regeneration Stlth
                     u - ring of protection from cold
HPRegen 1.13/turn    v - ring of poison resistance
MPRegen 0.11/turn

%: no passive effects
@: no status effects
A: no striking features
a: Renounce Religion, Smiting


You were on level 7 of the Dungeon.
You worshipped Beogh.
Beogh was pleased with you.
You visited 1 branch of the dungeon, and saw 7 of its levels.

You collected 391 gold pieces.
You spent 225 gold pieces at shops.

Inventory:

Hand Weapons
 m - a +0 flail
 A - a +3 war axe (weapon)
Missiles
 h - 18 poisoned darts (quivered)
 p - 3 curare-tipped darts
 w - 2 boomerangs
 x - 5 javelins
 z - 3 boomerangs of dispersal
Armour
 b - a +0 scale mail (worn)
 c - a +0 buckler (worn)
 f - a +0 chain mail
 n - a +2 hat (worn)
 B - a +0 tower shield
Jewellery
 e - an amulet of guardian spirit
 k - a ring of ice
 l - an amulet of regeneration (around neck)
 u - a ring of protection from cold (left hand)
 v - a ring of poison resistance (right hand)
 y - a +6 ring of dexterity
Wands
 a - a wand of flame (20)
 i - a wand of charming (17)
Scrolls
 j - 4 scrolls of teleportation
 o - a scroll of vulnerability
 r - 2 scrolls of immolation
 s - a scroll of brand weapon {unknown}
 t - a scroll of identify
Potions
 d - 2 potions of might
 g - 2 potions of mutation
 q - 3 potions of attraction


   Skills:
 + Level 6.5 Fighting
 * Level 9.0(9.7) Axes
 + Level 4.6(6.7) Maces & Flails
 + Level 3.8 Throwing
 + Level 6.2 Armour
 + Level 5.9 Shields


You had 8 spell levels left.
You didn't know any spells.
Your spell library contained the following spells:

 Spells                   Type           Power      Damage    Failure   Level
 Kiss of Death            Conj/Necr      0%         2d5       75%         1
 Necrotise                Necr           0%         1d4       75%         1
 Lesser Beckoning         Tloc           0%         N/A       86%         2
 Scorch                   Fire           0%         2d5       86%         2
 Confusing Touch          Hex            0%         N/A       98%         3
 Gell's Gravitas          Tloc           0%         N/A       98%         3
 Teleport Other           Tloc           0%         N/A       98%         3
 Vampiric Draining        Necr           0%         2d6       98%         3
 Dispel Undead            Necr           0%         3d6       100%        4
 Flame Wave               Conj/Fire      0%         2d4       100%        4
 Agony                    Necr           0%         N/A       100%        5
 Summon Cactus Giant      Summ           0%         N/A       100%        6


Dungeon Overview and Level Annotations

Branches:
Dungeon (7/15)             Temple (0/1) D:4

Altars:
Ashenzari
Zin

Shops:
D:2 =   D:5 :   D:6 **

Portals:
Abyss: D:3

Annotations:
D:3 2 transporters, ranchalot's ghost, weakling DrAE


Message History

The bolt of electricity hits you!
You closely miss the electric eel.
The electric eel shoots out a bolt of lightning at you!
The bolt of electricity hits you!
* * * LOW HITPOINT WARNING * * *
You barely miss the electric eel.
The electric eel shoots out a bolt of lightning at you!
The bolt of electricity hits you.
* * * LOW HITPOINT WARNING * * *
You feel better.
The electric eel shoots out a bolt of lightning at you!
The bolt of electricity hits you!
* * * LOW HITPOINT WARNING * * *
The electric eel shoots out a bolt of lightning at you!
The bolt of electricity hits you.
* * * LOW HITPOINT WARNING * * *
The bolt of electricity misses you.
You start resting.
An electric eel is nearby!
The electric eel shoots out a bolt of lightning at you!
The bolt of electricity hits you! The bolt of electricity hits you.
The electric eel shoots out a bolt of lightning at you!
The bolt of electricity hits the plant!
The plant begins to die.
The bolt of electricity hits you!
* * * LOW HITPOINT WARNING * * *
The electric eel shoots out a bolt of lightning at you!
The bolt of electricity hits the plant!
The bolt of electricity hits you!
* * * LOW HITPOINT WARNING * * *
Things that are here:
a +0 dagger; a +0 leather armour The electric eel shoots out a bolt of lightning at you!
The bolt of electricity hits you.
* * * LOW HITPOINT WARNING * * *
Items here: )))) [[[ †.
The electric eel shoots out a bolt of lightning at you!
The bolt of electricity hits you!
* * * LOW HITPOINT WARNING * * *
The electric eel shoots out a bolt of lightning at you!
The bolt of electricity hits you.
You die...

#...#.##. ###......
#####......
######...#......
#...............
#.#####.#..#.#.. #.#
#.######.. ###.# ♣♣♣
#.. #@..# #.. #.###
.... #)##♣ ♣♣~ ....
##)#~♣♣~~≈ ...
##..S♣S~~≈≈≈~≈P~PP..
##..~~PP~P~≈≈≈≈PP~~P.
#..♣~~~~P~~≈≈≈≈~~~~~.
#..♣~~~~~~~~~~≈S~~...
#....................


You could see an electric eel.

Vanquished Creatures
  Eustachio (D:6)
  A steam dragon (D:6)
  A water moccasin (D:5)
  A black bear (D:5)
  An ice beast (D:4)
  A sky beast (D:7)
  An ogre (D:5)
  A centaur (D:6)
  A kobold brigand (D:7)
  A gnoll sergeant (D:7)
  3 scorpions (D:6)
  3 orc priests
  3 hounds (D:5)
  A gnoll bouda (D:5)
  6 iguanas
  3 sleepcaps
  9 orc wizards
  12 gnolls
  3 adders
  4 shadow imps
  A white imp (D:7)
  An ufetubus (D:5)
  3 worms
  2 dart slugs (D:5)
  24 orcs
  5 endoplasms
  6 giant cockroaches
  10 hobgoblins
  9 jackals
  8 quokkas
  8 ball pythons
  5 bats
  2 frilled lizards
  9 goblins
  11 kobolds
  8 rats
169 creatures vanquished.

Vanquished Creatures (collateral kills)
  A centaur (D:7)
  A gnoll (D:7)
2 creatures vanquished.

Vanquished Creatures (others)
  2 orc wizards (D:7)
  An orc (D:7)
  A hobgoblin (D:4)
4 creatures vanquished.

Grand Total: 175 creatures vanquished

Notes
Turn   | Place    | Note
-------+----------+-------------------------------------------
     0 | D:1      | booth the Hill Orc Fighter began the quest for the Orb.
     0 | D:1      | Reached XP level 1. HP: 19/19 MP: 1/1
    87 | D:1      | Reached skill level 3 in Axes
    87 | D:1      | Reached XP level 2. HP: 27/27 MP: 2/2
   454 | D:1      | Reached XP level 3. HP: 32/33 MP: 3/3
  1168 | D:2      | Reached XP level 4. HP: 40/40 MP: 4/4
  1259 | D:2      | Identified the +3 spear of the Wasp {heavy, Str+9 Stlth-}
  1287 | D:2      | Found Rapruob's Jewellery Emporium.
  1462 | D:3      | Found a broken altar of Ashenzari.
  1492 | D:3      | Found a glowing silver altar of Zin.
  1510 | D:3      | Found a transporter.
  1516 | D:3      | Noticed a small abomination
  1576 | D:3      | Reached skill level 4 in Axes
  1576 | D:3      | Reached skill level 1 in Maces & Flails
  1627 | D:3      | Reached skill level 1 in Throwing
  1738 | D:3      | Found a transporter.
  1746 | D:3      | Reached XP level 5. HP: 46/46 MP: 5/5
  1922 | D:3      | Found a one-way gate to the infinite horrors of the Abyss.
  1935 | D:3      | Noticed ranchalot's ghost (weakling DrAE)
  2158 | D:4      | Became a worshipper of Beogh the Brigand
  2276 | D:4      | Reached XP level 6. HP: 53/53 MP: 6/6
  2330 | D:4      | Found a staircase to the Ecumenical Temple.
  2579 | D:4      | Noticed an ice beast
  2595 | D:4      | Killed an ice beast
  2596 | D:4      | Reached skill level 5 in Axes
  2801 | D:5      | Entered Level 5 of the Dungeon
  2861 | D:5      | Reached XP level 7. HP: 16/60 MP: 7/7
  3041 | D:5      | Reached skill level 5 in Fighting
  3041 | D:5      | Reached skill level 6 in Axes
  3366 | D:5      | Reached * piety under Beogh
  3388 | D:5      | Reached skill level 5 in Armour
  3460 | D:5      | Reached XP level 8. HP: 66/68 MP: 8/8
  3616 | D:5      | Reached skill level 7 in Axes
  3616 | D:5      | Reached skill level 5 in Shields
  3825 | D:5      | Found Yhynt's Book Emporium.
  4235 | D:6      | Noticed Eustachio
  4259 | D:6      | Killed Eustachio
  4295 | D:6      | Found Gufod's Mayhem Merchandise.
  4302 | D:6      | Bought a +3 war axe for 225 gold pieces
  4606 | D:6      | Reached skill level 8 in Axes
  4623 | D:6      | Found Qumuxtew's General Store.
  4898 | D:6      | Reached XP level 9. HP: 75/75 MP: 9/9
  5207 | D:7      | Reached ** piety under Beogh
  5634 | D:7      | Reached skill level 9 in Axes
  5888 | D:7      | Killed from afar by an electric eel

Illustrated notes

Levels and vault maps discovered:
D:1:      scummos_arrival_gate, layout_loops_ring, minmay_statues_item
D:2:      layout_basic, serial_shops, nicolae_shop_stone, st_stairs_6,
          kennysheep_generic_room_12
D:3:      layout_rooms, mainiacjoe_overflow_tiny_flanked, zin_treasury,
          gammafunk_ghost_abyssal_escape, minmay_misc_feat_five
D:4:      layout_rooms, minmay_temple_entry_enclosed_plants
D:5:      layout_basic, serial_shops, nicolae_book_shop_shelving
D:6:      hellmonk_crumbling_castle, layout_loops_corners, serial_shops, shop,
          minmay_shop_mayhem, uniq_eustachio
D:7:      layout_cave_pools, kennysheep_minor_cross, kennysheep_small_spiral,
          serial_bayou_lagoon_b

Skill      XL: |  1  2  3  4  5  6  7  8  9 |
---------------+----------------------------+-----
Axes           | 3 4 5 6 8 9 |  9.0
Fighting       | 4 5 6 |  6.5
Armour         | 4 5 6 |  6.2
Maces & Flails | 1 2 3 4 |  4.6
Throwing       | 1 2 3 |  3.8
Shields        | 4 5 |  5.9

Action                     |  1- 3 |  4- 6 |  7- 9 || total
---------------------------+-------+-------+-------++-------
  Melee: War axe           |   149 |   154 |   307 ||   610
  Throw: Dart              |       |     6 |    25 ||    31
         Javelin           |       |       |     6 ||     6
 Invoke: Convert to Beogh  |       |     1 |       ||     1
  Evoke: Wand              |       |       |     2 ||     2
    Use: Scroll            |     4 |     6 |     2 ||    12
         Potion            |       |     3 |     6 ||     9
 Armour: Scale mail        |    92 |    74 |   119 ||   285
  Dodge: Dodged            |    70 |    49 |   114 ||   233
  Block: Buckler           |    42 |    32 |    61 ||   135
